cohdb
Replays
Latest Replays
All Replays
Popular Replays
Top Player Replays
Match Explorer
How It Works
Community
CoH3 Stats
Reddit
Sign in to upload your games and track your stats! →
Sign in with Steam
Match 40820397
Unlisted
Match 40820397
Overview
Messages
Build Orders
End
Kradschützen Motorcycle Team
Panzergrenadier Squad
Selects Panzerjäger Kommand Battlegroup
Panzergrenadier Squad
Construct Light Support Kompanie
MG34 Team
Fire Support Elements
Flakvierling Half-track
2.5-tonne Medical Truck
le.IG 18 Mechanized Group
Combat Half-tracks
Panzerpioneer Squad
Construct Panzerarmee Kommand
Walking Stuka Rocket Launcher
Selects Mine Fields
Selects Defensive Positions
Selects Tank Busters
Selects Crew Shock Tactics
Panzergrenadier Squad
Veteran Squad Leaders
Flak 36 Anti-tank Gun Team
Herr Heinler
[WHOP] Indubio xD
nre_nuker
Clara
カルト_くん
Ace
B4R1SH
周末不日常
0
0
Comments
sign in to comment!
No comments posted yet!